 Dungeon Crawl Stone Soup version 0.26-b1-32-g5d43845318 (webtiles) character file.

Game seed: 10870202338606715645

19 Borgoz the Slasher (level 2, 0/25 HPs)
             Began as a Ghoul Gladiator on Jan 13, 2021.
             Slain by an orc
             ... wielding a +0 whip
              (4 damage)
             ... on level 2 of the Dungeon.
             The game lasted 00:00:30 (764 turns).

Borgoz the Slasher (Ghoul Gladiator)                 Turns: 764, Time: 00:00:31

Health: 0/25       AC:  4    Str: 16 (17) XL:     2   Next: 75%
Magic:  1/1        EV: 12    Int:  1 (3)  God:
Gold:   28         SH:  0    Dex:  7 (10) Spells: 1/1 levels left

rFire    . . .     SeeInvis .   a - +0 long sword
rCold    + . .     Faith    .   (no shield)
rNeg     + + +     Spirit   .   b - +0 leather armour
rPois    ∞         Reflect  .   c - +0 helmet
rElec    .         Harm     .   (no cloak)
rCorr    .         Rampage  .   (no gloves)
Will     .....                  (no boots)
Stlth    +.........             (no amulet)
HPRegen  0.00/turn              (no ring)
MPRegen  0.07/turn              (no ring)

@: no status effects
A: claws 1, cold resistance 1, negative energy resistance 3, inhibited
regeneration, torment resistance, unbreathing
a: no special abilities


You were on level 2 of the Dungeon.
You visited 1 branch of the dungeon, and saw 2 of its levels.

You collected 28 gold pieces.

Inventory:

Hand Weapons
 a - a +0 long sword (weapon)
Missiles
 d - 3 throwing nets (quivered)
Armour
 b - a +0 leather armour (worn)
 c - a +0 helmet (worn)
Scrolls
 e - 2 scrolls of immolation {unknown}
 f - a scroll of identify {unknown}
Potions
 h - a potion of magic {unknown}


   Skills:
 + Level 2.5 Fighting
 * Level 3.1 Long Blades
 - Level 1.7 Throwing
 + Level 0.6 Armour
 + Level 2.9 Dodging


You had one spell level left.
You didn't know any spells.
Your spell library was empty.

Dungeon Overview and Level Annotations

Branches:
Dungeon (2/15)

Altars:


Innate Abilities, Weirdness & Mutations

You thrive by killing the living.
You are immune to poison.
You have sharp fingernails.
Your flesh is cold resistant. (rC+)
You are immune to negative energy. (rN+++)
You do not regenerate when monsters are visible.
You are immune to unholy pain and torment.
You can survive without breathing.


Message History

The orc curses noisily.
The orc hits you but does no damage.
You are too injured to fight recklessly!
You are too injured to fight recklessly!
You are too injured to fight recklessly!
You are too injured to fight recklessly!
You are too injured to fight recklessly!
You are too injured to fight recklessly!
You are too injured to fight recklessly!
You are too injured to fight recklessly!
You are too injured to fight recklessly!
It was a potion of degeneration.
There was something very wrong with that liquid.
You feel weakened.
You feel dopey.
You feel clumsy.
The kobold shouts!
The hobgoblin shouts!
The orc priest barely misses you.
You riposte.
You closely miss the orc priest. The orc priest hits you with a +0 whip.
* * * LOW HITPOINT WARNING * * *
The orc hits you with a +0 whip.
You die...

.....# #.......l
......# #........#
....... #........#
K...... #........###
....... #...........
....$..##...........
......oo#...........
.....oo@............
......##..†.?.......
....g #..†.<....#
###.......)......#
#...............# #.
...........?..# #
....[.........#
g..[..........#
........>.....#


You could see 2 orc priests, 2 orcs, a hobgoblin and a kobold.

Vanquished Creatures
  An adder (D:2)
  3 goblins
  2 hobgoblins
  2 bats (D:1)
  2 frilled lizards (D:1)
  A rat (D:2)
11 creatures vanquished.

Notes
Turn   | Place    | Note
-------+----------+-------------------------------------------
     0 | D:1      | Borgoz the Ghoul Gladiator began the quest for the Orb.
     0 | D:1      | Reached XP level 1. HP: 17/17 MP: 0/0
   667 | D:1      | Reached XP level 2. HP: 23/25 MP: 1/1
   744 | D:2      | Reached skill level 3 in Long Blades
   764 | D:2      | Slain by an orc

Illustrated notes

Levels and vault maps discovered:
D:1:      psy_arrival_statuary, layout_loops_ring
D:2:      layout_rooms, minmay_misc_feat_four_crosses, kennysheep_nondescript,
          makhleb_altar_promises_db, uniq_natasha, uniq_jessica,
          uniq_crazy_yiuf_cottage

Skill      XL: |  1  2 |
---------------+-------+-----
Long Blades    | 3 |  3.1
Fighting       | |  2.5
Throwing       | |  1.7
Armour         | |  0.6
Dodging        | |  2.9

Action                   || total
-------------------------++-------
Melee: Long sword        ||    43
  Use: Potion            ||     1
Armor: Leather armour    ||    17
Dodge: Dodged            ||    37
       Rpst.: Long sword ||    14
